 Dungeon Crawl Stone Soup version 0.21-a0-170-g0398fc9 (webtiles) character file.

393 Lunath the Cudgeler (level 6, -1/39 HPs)
             Began as a Gargoyle Gladiator on Aug 6, 2017.
             Was an Initiate of Qazlal.
             Killed from afar by an orc wizard (7 damage)
             ... with a puff of flame
             ... on level 4 of the Dungeon.
             The game lasted 00:09:29 (3739 turns).

Lunath the Cudgeler (Gargoyle Gladiator)            Turns: 3739, Time: 00:09:30

Health: -1/39      AC: 14    Str: 18    XL:     6   Next: 81%
Magic:  6/6        EV:  7    Int:  8    God:    Qazlal [......]
Gold:   251        SH:  3    Dex: 13    Spells: 5/5 levels left

rFire    . . .     SeeInvis .   a - +1 flail
rCold    . . .     Gourm    .   t - -1 buckler
rNeg     + . .     Faith    .   y - +0 chain mail rPois โˆž Spirit .
                                c - +0 helmet
rElec    +         Reflect  .   q - +0 cloak
rCorr    .         Harm     .   (no gloves)
MR       .....                  (no boots)
Stlth    ..........             (no amulet)
HPRegen  0.13/turn              (no ring)
MPRegen  0.10/turn              (no ring)

@: no status effects
A: negative energy resistance 1, electricity resistance, unbreathing,
petrification resistance, rot immunity, AC +4
a: Renounce Religion


You were on level 4 of the Dungeon.
You worshipped Qazlal.
Qazlal was noncommittal.
You were not hungry.

You visited 1 branch of the dungeon, and saw 4 of its levels.

You collected 251 gold pieces.

Inventory:

Hand Weapons
 a - a +1 flail (weapon)
Missiles
 d - 3 throwing nets
 B - 4 stones (quivered)
Armour
 c - a +0 helmet (worn)
 q - a +0 cloak (worn)
 t - a -1 buckler (worn)
 y - a +0 chain mail (worn)
Jewellery
 b - an uncursed amulet of regeneration {unknown}
 s - a +3 ring of dexterity {unknown}
Wands
 p - a wand of lightning (0/15)
Scrolls
 i - a scroll of enchant weapon
 j - 2 scrolls of random uselessness {unknown}
 o - a scroll of blinking
 v - a scroll of magic mapping {unknown}
 w - 3 scrolls of teleportation {unknown}
 x - 3 scrolls of recharging {unknown}
 A - a scroll of identify
Potions
 e - a potion of heal wounds {unknown}
 h - 4 potions of lignification
 k - 3 potions of curing
 l - 2 potions of haste
 n - a potion of cancellation {unknown}
 r - 2 potions of mutation {unknown}
 u - a potion of brilliance {unknown}
 z - a potion of degeneration {unknown}
Comestibles
 f - 5 bread rations
 g - 2 royal jellies
 m - 2 fruits


   Skills:
 + Level 4.5 Fighting
 * Level 5.7 Maces & Flails
 - Level 1.7 Throwing
 - Level 2.4 Dodging
 + Level 2.5 Shields
 + Level 0.4 Invocations


You had 5 spell levels left.
You didn't know any spells.

Dungeon Overview and Level Annotations

Branches:
Dungeon (4/15)             Temple (0/1) D:4

Altars:
Ashenzari
Elyvilon
Hepliaklqana
Qazlal
Sif Muna


Innate Abilities, Weirdness & Mutations

You are resistant to torment.
Your stone body is resilient. (AC +4)
You are immune to poison.
You resist negative energy. (rN+)
You are resistant to electric shocks. (rElec)
You can survive without breathing.
You are immune to petrification.
You are immune to rotting.


Message History

You throw a stone. The stone barely misses the orc wizard.
Throwing (i - inventory. (,) - cycle):
B - 7 stones (quivered)
Press: ? - help, Shift-Dir - straight line, f/p - orc wizard
Aim: an orc wizard, wielding a dagger and wearing a runed robe (severely wounded, fast)
You throw a stone. The stone barely misses the orc wizard.
Throwing (i - inventory. (,) - cycle):
B - 6 stones (quivered)
Press: ? - help, Shift-Dir - straight line, f/p - orc wizard
Aim: an orc wizard, wielding a dagger and wearing a runed robe (severely wounded, fast)
You throw a stone. The stone hits the orc wizard.
The orc wizard is severely wounded.
Throwing (i - inventory. (,) - cycle):
B - 5 stones (quivered)
Press: ? - help, Shift-Dir - straight line, f/p - orc wizard
Aim: an orc wizard, wielding a dagger and wearing a runed robe (severely wounded, fast)
You throw a stone.
The stone closely misses the orc wizard.
The orc wizard casts a spell.
The orc wizard flickers and vanishes!
A puff of flame appears from out of thin air!
The puff of flame hits you!
You die...

#.# #......##.###+#####
#.# #.......#_#......##
#.# #.......###......##
#.###........#.......#
#............#.......#
#######..............#
######..##.............#
#{โ‰ˆ..#8..#.............#
#{ยง..'._@..............#
#.โ‰ˆ..#8..#########.....#
######..## #.....#
####.########.....#
#.#............###
#.############.# #.#
#....#.# #.#######.##.#.#
#.#....).....#.#


There were no monsters in sight!

Vanquished Creatures
  The ghost of Slowdrip the Chucker, an amateur OgHu of Makhleb (D:3)
  A bullfrog (D:3)
  An orc priest (D:3)
  Jessica (D:3)
  2 worker ants (D:4)
  4 adders
  An ooze (D:3)
  A worm (D:3)
  A dart slug (D:1)
  4 leopard geckos
  13 orcs
  4 giant cockroaches
  3 goblins
  5 hobgoblins
  5 jackals
  A quokka (D:2)
  8 bats
  2 frilled lizards
  10 kobolds
  7 rats
75 creatures vanquished.

Notes
Turn   | Place    | Note
-------+----------+-------------------------------------------
     0 | D:1      | Lunath the Gargoyle Gladiator began the quest for the Orb.
     0 | D:1      | Reached XP level 1. HP: 12/12 MP: 1/1
    76 | D:1      | Reached XP level 2. HP: 18/18 MP: 2/2
   422 | D:1      | Upgraded the game from 0.21-a0-163-g3aa3f5d to 0.21-a0-170-g0398fc9
   422 | D:1      | Reached XP level 3. HP: 19/23 MP: 3/3
   843 | D:2      | Reached skill level 4 in Maces & Flails
   843 | D:2      | Reached XP level 4. HP: 21/28 MP: 4/4
  1296 | D:3      | Noticed Jessica
  1305 | D:3      | Killed Jessica
  1485 | D:3      | Noticed Slowdrip's ghost (amateur OgHu)
  1517 | D:3      | Killed Slowdrip's ghost
  1517 | D:3      | Reached skill level 5 in Maces & Flails
  1517 | D:3      | Reached skill level 1 in Shields
  1517 | D:3      | Reached XP level 5. HP: 3/33 MP: 5/5
  1845 | D:3      | Reached XP level 6. HP: 31/38 MP: 6/6
  2378 | D:3      | Found a stormy altar of Qazlal.
  2470 | D:3      | Became a worshipper of Qazlal Stormbringer
  2541 | D:4      | Found a deep blue altar of Sif Muna.
  2849 | D:4      | Found a hazy altar of Hepliaklqana.
  2881 | D:4      | Found a white marble altar of Elyvilon.
  2885 | D:4      | Found a shattered altar of Ashenzari.
  2924 | D:4      | Found a staircase to the Ecumenical Temple.
  3739 | D:4      | Killed from afar by an orc wizard

Vault maps used:
D:1:      dpeg_arrival_arbitrary_c, serial_glass, glass_columns_a,
          glass_columns_a, minmay_cut_off
D:2:      first_bread
D:3:      lemuel_doored_altar, kennysheep_generic_room_10, uniq_jessica
D:4:      minmay_overflow_temple_star_quad, led_sif_book, temple_doors_e,
          minmay_misc_feat_nine_boxes, kennysheep_decorative_pillar

Skill      XL: |  1  2  3  4  5  6 |
---------------+-------------------+-----
Fighting       | 3 4 |  4.5
Maces & Flails | 4 5 |  5.7
Shields        | 1 2 |  2.5
Throwing       | |  1.7
Dodging        | |  2.4
Invocations    | |  0.4

Action                   |  1- 3 |  4- 6 || total
-------------------------+-------+-------++-------
Melee: Flail             |   125 |   166 ||   291
Throw: Stone             |       |    49 ||    49
Evoke: Wand              |       |     1 ||     1
  Use: Potion            |       |     1 ||     1
       Scroll            |       |     7 ||     7
  Eat: Chunk             |       |     9 ||     9
Armor: Leather armour    |    65 |       ||    65
       Ring mail         |     8 |    15 ||    23
       Skin              |       |    13 ||    13
       Scale mail        |       |    34 ||    34
       Chain mail        |       |    28 ||    28
Dodge: Dodged            |   100 |    79 ||   179
Block: Buckler           |       |    21 ||    21
